 Dungeon Sprint DCSS version 0.17-a0-1731-g129c023 (webtiles) character file.

11297 Kidiri the Unseen (level 11, 0/44 (47) HPs)
             Began as a Spriggan Enchanter on Aug 29, 2015.
             Was the Champion of Dithmenos.
             Succumbed to something's dark miasma
             ... in the Dungeon (Sprint III: "The Ten Rune Challenge").
             The game lasted 00:15:14 (2293 turns).

Kidiri the Unseen (Spriggan Enchanter)              Turns: 2293, Time: 00:15:14

HP:   0/44 (47)     AC:  2    Str:  4    XL:     11   Next: 47%
MP:   29/30         EV: 33    Int: 20    God:    Dithmenos [******]
Gold: 42            SH:  0    Dex: 19    Spells: 8 memorised, 16 levels left

rFire  . . .     SeeInvis +     a - +1 dagger
rCold  . . .     Clarity  .     k - +0 robe {MR+}
rNeg   . . .     SustAt   .     (shield restricted)
rPois  .         Gourm    .     (helmet restricted)
rElec  .         Spirit   .     (no cloak)
rCorr  .         Warding  .     (gloves unavailable)
rMut   .         NoTele   +     (boots unavailable)
MR     ++...                    (no amulet)
Stlth  ++++++++++               (no ring)
                                (no ring)

@: lethally poisoned (0 -> -82), non-regenerating, badly diseased, slowed,
wreathed by umbra, quick, very resistant to hostile enchantments, uncannily
stealthy
A: unfitting armour, see invisible, agile 1, breathe flames 1, herbivore 3,
speed 3, slow metabolism 2
a: Shadow Step, Shadow Form, Renounce Religion, Breathe Fire


You were in the Dungeon.
You worshipped Dithmenos.
Dithmenos was exalted by your worship.
You were not hungry.

You visited 1 branch You collected 42 gold pieces.

Inventory:

Hand weapons
 a - a +1 dagger (weapon)
Armour
 k - a +0 robe of magic resistance (worn)
Scrolls
 j - a scroll of blinking
 o - a scroll of torment {unknown}
 p - a scroll of amnesia {unknown}
 q - a scroll of remove curse {unknown}
Potions
 e - a potion of curing
 f - a potion of heal wounds
 g - 2 potions of haste
 h - 2 potions of magic
 i - a potion of berserk rage
 n - a potion of cure mutation
 s - a potion of flight
Comestibles
 b - 28 royal jellies
 d - a bread ration
 r - 11 fruits


   Skills:
 + Level 10.0 Short Blades
 * Level 16.7 Dodging
 * Level 18.5 Stealth
 * Level 14.7 Spellcasting
 + Level 6.3 Conjurations
 + Level 11.4 Hexes
 + Level 10.7 Charms
 + Level 7.5 Ice Magic
 - Level 3.0 Invocations


You had 16 spell levels left.
You knew the following spells:

 Your Spells              Type           Power        Failure   Level  Hunger
a - Corona                Hex            ######.      1%          1    None
b - Ensorcelled Hibernat  Hex/Ice        ######       1%          2    None
c - Confuse               Hex            ######..     1%          3    None
d - Tukima's Dance        Hex            ######..     1%          3    None
e - Dazzling Spray        Conj/Hex       ######..     1%          3    None
f - Ozocubu's Armour      Chrm/Ice       ######..     1%          3    None
g - Condensation Shield   Ice            #####.....   1%          4    None
h - Throw Icicle          Conj/Ice       #####...     2%          4    None


Dungeon Overview and Level Annotations

Branches:
Dungeon (1/1)

Altars:
Cheibriados
Dithmenos
Elyvilon
Fedhas
Gozag
Kikubaaqudgha
Makhleb
Nemelex Xobeh
Okawaru
Qazlal
Ru
Sif Muna
Trog
Vehumet
Xom
Yredelemnul
Zin
The Shining One
Jiyva
Lugonu


Innate Abilities, Weirdness & Mutations

You are tiny and cannot use many weapons and most armour.
You have supernaturally acute eyesight.
You are a herbivore.
You cover ground extremely quickly.
You need consume almost no food.
You are agile. (Dex +2)
You can breathe flames.


Message History

You are lethally poisoned!
You feel your flesh rotting away!
You feel sick.
Unknown command.
You are engulfed in dark miasma.
You are more poisoned.
You feel your flesh rotting away!
You feel ill.
You feel very sick.
You are engulfed in dark miasma.
You are more poisoned.
You feel your flesh rotting away!
You feel yourself slow down.
You feel very sick.
You feel very sick.
* * * LOW HITPOINT WARNING * * *
You feel very sick.
There is an open door to the Swamp, spattered with blood here.
* * * LOW HITPOINT WARNING * * *
You feel very sick.
You close the door.
You die...

#..♣♣ ♣♣♣##+##
###'♣♣♣♣♣♣♣♣♣♣♣♣♣♣♣
♣♣♣♣%##%.##≈≈≈≈≈≈..#
♣...##.##.#≈≈≈≈≈...#
♣♣.##.##%##'≈≈≈≈≈####+#
♣..#%##...#≈≈......§.#
♣♣.##.##.)#≈..+#######
♣♣.##.#####...#....))#
♣%....##.@....#♣♣♣._)#
########+###### #####
#k♣♣ #♣.♣ ♣.♣♣ ♣♣.♣
♣§♣♣ ♣k♣ ♣§§♣


There were no monsters in sight!

Vanquished Creatures
  Maud (D)
  Josephine (D)
  2 hydras (D)
  A centaur warrior (D)
  An unseen horror (D)
  A death drake (D)
  A spriggan druid (D)
  A lindwurm (D)
  2 spiny frogs (D)
  A komodo dragon (D)
  A deep elf priest (D)
  A queen bee (D)
  3 wandering mushrooms (D)
  3 redbacks (D)
  A shadow (D)
  2 spriggans (D)
  A spatial vortex (D)
  A necrophage (D)
  An earth elemental (D)
  2 brain worms (D)
  2 centaurs (D)
  A water elemental (D)
  32 killer bees (D)
  A jelly (D)
  Jessica (D)
  A necromancer (D)
  A wizard (D)
  A kobold demonologist (D)
  3 humans (D)
  A phantom (D)
  3 rats (D)
  2 ballistomycetes (D)
  A giant spore (D)
78 creatures vanquished.

Vanquished Creatures (others)
  2 draconian scorchers (D)
  3 yaktaurs (D)
  An electric eel (D)
  A plant (D)
7 creatures vanquished.

Grand Total: 85 creatures vanquished

Notes
Turn   | Place    | Note
--------------------------------------------------------------
     0 | D        | Kidiri the Spriggan Enchanter began the quest for the Orb.
     0 | D        | Reached XP level 1. HP: 9/9 MP: 5/5
    71 | D        | Noticed Jessica
    75 | D        | Killed Jessica
    75 | D        | Reached skill level 5 in Dodging
    75 | D        | Reached skill level 6 in Stealth
    75 | D        | Reached XP level 2. HP: 13/13 MP: 6/8
    79 | D        | Learned a level 2 spell: Ensorcelled Hibernation
   100 | D        | Reached XP level 3. HP: 16/16 MP: 9/9
   116 | D        | Learned a level 3 spell: Confuse
   120 | D        | Learned a level 3 spell: Tukima's Dance
   150 | D        | Reached skill level 7 in Stealth
   173 | D        | Gained mutation: You have a pair of small antennae on your head. [potion of mutation]
   173 | D        | Gained mutation: You are agile. (Dex +2) [potion of mutation]
   173 | D        | Gained mutation: You can breathe flames. [potion of mutation]
   174 | D        | Gained mutation: You are somewhat resistant to further mutation. [potion of mutation]
   174 | D        | Gained mutation: You are dopey. (Int -2) [potion of mutation]
   175 | D        | Lost mutation: You have a pair of small antennae on your head. [potion of cure mutation]
   175 | D        | Lost mutation: You are somewhat resistant to further mutation. [potion of cure mutation]
   175 | D        | Lost mutation: You are dopey. (Int -2) [potion of cure mutation]
   219 | D        | Killed a white draconian scorcher
   241 | D        | Killed a white draconian scorcher
   252 | D        | Killed a yaktaur
   256 | D        | Killed a yaktaur
   384 | D        | Noticed a water elemental
   386 | D        | Killed a water elemental
   386 | D        | Reached skill level 8 in Stealth
   386 | D        | Reached skill level 5 in Spellcasting
   386 | D        | Reached skill level 5 in Hexes
   386 | D        | Reached skill level 1 in Ice Magic
   386 | D        | Reached XP level 4. HP: 21/21 MP: 10/12
   391 | D        | Learned a level 3 spell: Dazzling Spray
   416 | D        | Noticed a jelly
   417 | D        | Noticed a shadow
   419 | D        | Killed a shadow
   419 | D        | Reached skill level 10 in Stealth
   419 | D        | Reached skill level 1 in Conjurations
   419 | D        | Reached XP level 5. HP: 24/24 MP: 12/15
   419 | D        | Reached XP level 6. HP: 28/28 MP: 13/17
   425 | D        | Killed a jelly
   470 | D        | Found a stormy altar of Qazlal.
   471 | D        | Found a sacrificial altar of Ru.
   471 | D        | Found a burning altar of Makhleb.
   471 | D        | Found a viscous altar of Jiyva.
   471 | D        | Found a shimmering altar of Xom.
   471 | D        | Found a shadowy altar of Dithmenos.
   471 | D        | Found a sparkling altar of Nemelex Xobeh.
   471 | D        | Found a corrupted altar of Lugonu.
   471 | D        | Found an opulent altar of Gozag.
   471 | D        | Noticed a spatial vortex
   475 | D        | Became a worshipper of Dithmenos the Shadowed
   476 | D        | Killed a spatial vortex
   476 | D        | Reached skill level 5 in Short Blades
   476 | D        | Reached skill level 11 in Stealth
   476 | D        | Reached skill level 1 in Invocations
   501 | D        | Found a radiant altar of Vehumet.
   502 | D        | Found a deep blue altar of Sif Muna.
   502 | D        | Found an ancient bone altar of Kikubaaqudgha.
   502 | D        | Noticed a wizard
   503 | D        | Killed a wizard
   505 | D        | Reached skill level 10 in Dodging
   518 | D        | Learned a level 3 spell: Ozocubu's Armour
   521 | D        | Killed a yaktaur
   523 | D        | Learned a level 4 spell: Condensation Shield
   530 | D        | Found a glowing silver altar of Zin.
   531 | D        | Found a glowing golden altar of the Shining One.
   531 | D        | Found a white marble altar of Elyvilon.
   531 | D        | Noticed a deep elf priest
   533 | D        | Killed a deep elf priest
   533 | D        | Reached XP level 7. HP: 32/32 MP: 18/20
   550 | D        | Found an iron altar of Okawaru.
   551 | D        | Found a bloodstained altar of Trog.
   551 | D        | Noticed a human
   551 | D        | Noticed a human
   577 | D        | Killed a human
   577 | D        | Reached skill level 12 in Stealth
   592 | D        | Killed a human
   592 | D        | Acquired Dithmenos's first power
   610 | D        | Learned a level 4 spell: Throw Icicle
   711 | D        | Found a snail-covered altar of Cheibriados.
   711 | D        | Noticed a necrophage
   712 | D        | Found a basalt altar of Yredelemnul.
   712 | D        | Found a blossoming altar of Fedhas.
   712 | D        | Noticed a necromancer
   716 | D        | Killed a necrophage
   716 | D        | Reached XP level 8. HP: 29/36 MP: 11/22
   718 | D        | Killed a necromancer
   852 | D        | Noticed Josephine
   854 | D        | Killed Josephine
   854 | D        | Reached skill level 13 in Stealth
   854 | D        | Reached skill level 10 in Spellcasting
   854 | D        | Reached skill level 5 in Charms
   859 | D        | Noticed an earth elemental
   862 | D        | Killed an earth elemental
   870 | D        | Noticed a centaur
   870 | D        | Noticed a centaur warrior
   870 | D        | Noticed a centaur
   873 | D        | Killed a centaur
   873 | D        | Acquired Dithmenos's second power
   873 | D        | Reached skill level 14 in Stealth
   875 | D        | Killed a centaur
   875 | D        | Reached XP level 9. HP: 39/39 MP: 11/24
   877 | D        | Killed a centaur warrior
   877 | D        | Reached skill level 5 in Ice Magic
   959 | D        | Noticed an unseen horror
   961 | D        | Killed an unseen horror
   961 | D        | Reached skill level 15 in Stealth
   971 | D        | Noticed a killer bee
   971 | D        | Noticed a killer bee
   971 | D        | Noticed a killer bee
   971 | D        | Noticed a killer bee
   971 | D        | Noticed a killer bee
   971 | D        | Noticed a killer bee
   971 | D        | Noticed a killer bee
   971 | D        | Noticed a killer bee
   971 | D        | Noticed a killer bee
   971 | D        | Noticed a killer bee
   971 | D        | Noticed a killer bee
   971 | D        | Noticed a killer bee
   971 | D        | Noticed a killer bee
   971 | D        | Noticed a killer bee
   971 | D        | Noticed a killer bee
   971 | D        | Noticed a killer bee
   972 | D        | Noticed a killer bee
   973 | D        | Noticed a killer bee
   973 | D        | Killed a killer bee
   974 | D        | Noticed a killer bee
   974 | D        | Noticed a killer bee
   975 | D        | Noticed a killer bee
   975 | D        | Noticed a killer bee
   975 | D        | Noticed a killer bee
   976 | D        | Noticed a killer bee
   976 | D        | Killed a killer bee
   976 | D        | Acquired Dithmenos's third power
   977 | D        | Noticed a killer bee
   978 | D        | Killed a killer bee
   981 | D        | Killed a killer bee
   983 | D        | Killed a killer bee
   985 | D        | Noticed a killer bee
   985 | D        | Noticed a killer bee
   986 | D        | Killed a killer bee
   987 | D        | Noticed a killer bee
   988 | D        | Noticed a killer bee
   989 | D        | Noticed a killer bee
  1124 | D        | Noticed a killer bee
  1125 | D        | Noticed a killer bee
  1125 | D        | Noticed a queen bee
  1126 | D        | Killed a killer bee
  1128 | D        | Killed a killer bee
  1128 | D        | Acquired Dithmenos's fourth power
  1130 | D        | Killed a killer bee
  1133 | D        | Killed a killer bee
  1136 | D        | Killed a killer bee
  1138 | D        | Killed a killer bee
  1140 | D        | Killed a killer bee
  1142 | D        | Killed a killer bee
  1144 | D        | Killed a killer bee
  1144 | D        | Reached XP level 10. HP: 44/44 MP: 7/27
  1146 | D        | Killed a killer bee
  1148 | D        | Killed a killer bee
  1150 | D        | Killed a killer bee
  1152 | D        | Killed a killer bee
  1332 | D        | Killed a killer bee
  1333 | D        | Killed a killer bee
  1335 | D        | Killed a killer bee
  1337 | D        | Killed a killer bee
  1341 | D        | Killed a killer bee
  1343 | D        | Killed a killer bee
  1347 | D        | Killed a killer bee
  1349 | D        | Killed a killer bee
  1351 | D        | Killed a killer bee
  1353 | D        | Killed a killer bee
  1355 | D        | Killed a killer bee
  1355 | D        | Reached skill level 16 in Stealth
  1357 | D        | Killed a killer bee
  1359 | D        | Killed a killer bee
  1362 | D        | Killed a queen bee
  1362 | D        | Reached skill level 5 in Conjurations
  1527 | D        | Noticed a wandering mushroom
  1686 | D        | Killed an electric eel
  1852 | D        | Noticed a wandering mushroom
  1852 | D        | Noticed a wandering mushroom
  1853 | D        | Killed a wandering mushroom
  1853 | D        | Reached skill level 10 in Hexes
  1855 | D        | Killed a wandering mushroom
  1856 | D        | Killed a wandering mushroom
  1897 | D        | Noticed a spiny frog
  1897 | D        | Noticed a komodo dragon
  1897 | D        | Noticed a spiny frog
  1900 | D        | Killed a spiny frog
  1900 | D        | Reached skill level 15 in Dodging
  1902 | D        | Killed a spiny frog
  1905 | D        | Killed a komodo dragon
  2009 | D        | Noticed a redback
  2011 | D        | Killed a redback
  2011 | D        | Reached skill level 17 in Stealth
  2012 | D        | Noticed a brain worm
  2016 | D        | Killed a brain worm
  2020 | D        | Noticed a brain worm
  2022 | D        | Killed a brain worm
  2028 | D        | Noticed a lindwurm
  2033 | D        | Killed a lindwurm
  2036 | D        | Noticed a redback
  2041 | D        | Noticed a redback
  2041 | D        | Noticed Maud
  2043 | D        | Killed Maud
  2043 | D        | Reached XP level 11. HP: 47/47 MP: 24/30
  2047 | D        | Killed a redback
  2049 | D        | Killed a redback
  2094 | D        | Noticed a six-headed hydra
  2094 | D        | Noticed an eight-headed hydra
  2115 | D        | Killed an eight-headed hydra
  2115 | D        | Reached skill level 18 in Stealth
  2115 | D        | Reached skill level 10 in Charms
  2125 | D        | Killed a six-headed hydra
  2238 | D        | Noticed a death drake
  2241 | D        | Killed a death drake
  2248 | D        | Found a blossoming altar of Fedhas.
  2248 | D        | Noticed a spriggan
  2248 | D        | Noticed a spriggan druid
  2248 | D        | Noticed a spriggan
  2250 | D        | Killed a spriggan druid
  2251 | D        | Killed a spriggan
  2252 | D        | Killed a spriggan
  2252 | D        | Reached skill level 10 in Short Blades
  2282 | D        | Noticed a death drake
  2287 | D        | Noticed a death drake
  2293 | D        | Succumbed to something's dark miasma

Vault maps used:
D:        dungeon_sprint_mu

Action                   |  1- 3 |  4- 6 |  7- 9 | 10-12 || total
-------------------------+-------+-------+-------+-------++-------
Melee: Dagger            |    13 |     7 |    55 |    70 ||   145
 Cast: Confuse           |     3 |       |     1 |     1 ||     5
       Corona            |     2 |       |     1 |       ||     3
       Ensorcelled Hiber |     1 |     1 |    26 |    31 ||    59
       Dazzling Spray    |       |       |     5 |     1 ||     6
       Tukima's Dance    |       |       |     1 |       ||     1
       Ozocubu's Armour  |       |       |     2 |       ||     2
       Condensation Shie |       |       |     2 |       ||     2
       Throw Icicle      |       |       |       |     1 ||     1
Invok: Shadow Step       |       |       |       |     4 ||     4
  Use: Potion            |     5 |       |       |       ||     5
       Scroll            |     2 |       |       |       ||     2
 Stab: Sleeping          |     6 |     6 |    21 |    34 ||    67
       Confused          |       |       |     1 |     1 ||     2
       Invisible         |       |       |     1 |     1 ||     2
